AoeStats
← Minerva

African Clearing

506772064Analyzed
3v3 RM · 19d ago on Sep 15, 2026· 71m 36s· 6 players
Game mode
Random Map
Map size
Normal (6 player)
Population
200
Speed
Normal
Resources
Standard
Victory
Conquest
Starting age
Dark Age
Ending age
Imperial Age
RankedLock teamsTeams togetherTeam positionsShared explorationLock speedFull tech treeHidden civsTurbo modeCheats
Victory
Defeat
🇺🇸 Chinese · United States
641
+16
🇦🇷 Gurjaras · Argentina
639
+16
🇨🇦 Vietnamese · Canada
617
+16
🇺🇸 Ethiopians · United States
652
-17
🇺🇸 Portuguese · United States
638
-16
🇺🇸 Franks · United States
607
-15
boxenoxen
3:52 Loom
16:27 Feudal Age
17:07 Double-Bit Axe
17:06 Horse Collar
20:10 Gold Mining
20:14 Stone Mining
24:21 Castle Age
25:34 Thumb Ring
24:49 Elite Skirmisher
25:33 Heavy Plow
25:46 Bow Saw
26:50 Wheelbarrow
26:01 Town Watch
28:08 Hand Cart
28:35 Town Patrol
33:01 Gold Shaft Mining
33:02 Stone Shaft Mining
35:05 Forging
34:56 Scale Mail Armor
35:02 Scale Barding Armor
34:57 Padded Archer Armor
38:03 Iron Casting
37:43 Chain Mail Armor
37:49 Chain Barding Armor
37:20 Fletching
40:15 Leather Archer Armor
41:46 Caravan
41:57 Great Wall
44:33 Imperial Age
42:20 Fortified Wall
42:05 Murder Holes
42:21 Masonry
42:31 Ballistics
43:48 Bodkin Arrow
46:13 Architecture
45:30 Arrowslits
46:45 Chemistry
46:48 Blast Furnace
46:19 Plate Mail Armor
46:24 Plate Barding Armor
46:20 Ring Archer Armor
45:50 Bracer
46:22 Conscription
46:22 Rocketry
45:23 Elite Chu Ko Nu
48:57 Two-Man Saw
47:34 Sappers
47:41 Elite Skirmisher
49:27 Bloodlines
49:18 Husbandry
49:57 Elite Fire Lancer
50:45 Squires
50:30 Arson
51:57 Imperial Skirmisher
52:35 Heavy Rocket Cart
54:02 Heavy Scorpion
56:32 Bombard Tower
62:18 Theocracy
62:27 Theocracy
61:53 Atonement
62:04 Fervor
62:09 Block Printing
62:20 Illumination
61:55 Devotion
62:16 Sanctity
61:51 Herbal Medicine
67:11 Cavalier
67:14 Light Cavalry
69:52 Spies/Treason
Minerva
17:05 Feudal Age
17:37 Double-Bit Axe
24:59 Castle Age
23:59 Stone Mining
24:02 Gold Mining
27:00 Bow Saw
28:34 Horse Collar
32:19 Heavy Plow
33:12 Fletching
42:26 Imperial Age
40:39 Bodkin Arrow
40:45 Padded Archer Armor
42:52 Wheelbarrow
42:05 Town Watch
43:16 Bracer
44:22 Chemistry
43:43 Ballistics
44:10 Paper Money
44:58 Town Patrol
47:19 Leather Archer Armor
47:17 Forging
47:08 Scale Mail Armor
47:43 Crop Rotation
48:15 Two-Man Saw
47:00 Elite Rattan Archer
48:46 Siege Engineers
50:40 Hand Cart
54:05 Elite Fire Lancer
54:46 Squires
54:32 Arson
56:48 Coinage
56:34 Guilds
56:31 Loom
60:34 Murder Holes
63:01 Chatras
63:43 Hoardings
62:32 Capped Ram
63:19 Atonement
63:57 Stone Shaft Mining
63:31 Thumb Ring
62:55 Pikeman
62:59 Crossbowman
63:00 Elite Skirmisher
65:01 Treadmill Crane
64:45 Onager
64:48 Imperial Skirmisher
64:53 Arbalester
65:07 Sappers
66:20 Hoardings
66:10 Bombard Tower
66:02 Fortified Wall
65:43 Guard Tower
65:21 Man-at-Arms
69:06 Banking
68:44 Long Swordsman
Loster
15:59 Feudal Age
17:26 Double-Bit Axe
17:24 Horse Collar
17:36 Fishing Lines
18:41 Bloodlines
18:57 Gold Mining
27:23 Castle Age
26:46 Forging
26:45 Scale Barding Armor
27:58 Gillnets
28:47 Wheelbarrow
28:05 Stone Mining
36:19 Iron Casting
35:45 Scale Mail Armor
38:10 Chain Mail Armor
39:07 Bow Saw
41:20 Kshatriyas
41:11 Arson
44:24 Imperial Age
43:22 Kshatriyas
43:31 Loom
48:49 Elite Chakram Thrower
50:24 Sappers
51:36 Conscription
67:08 Spies/Treason
wyantdayne
3:39 Loom
13:58 Feudal Age
14:40 Double-Bit Axe
19:41 Castle Age
18:17 Stone Mining
20:57 Bow Saw
22:15 Forging
23:10 Squires
22:56 Arson
27:14 Iron Casting
26:47 Scale Mail Armor
40:45 Imperial Age
39:00 Elite Skirmisher
39:43 Fletching
39:54 Town Watch
40:17 Padded Archer Armor
42:39 Blast Furnace
41:55 Chain Mail Armor
42:04 Conscription
43:24 Royal Heirs
43:56 Ballistics
46:04 Two-Man Saw
46:11 Bodkin Arrow
48:28 Bracer
51:52 Murder Holes
55:56 Leather Archer Armor
HF Cecko
4:20 Loom
17:39 Feudal Age
22:40 Castle Age
29:20 Husbandry
29:29 Gold Mining
33:19 Double-Bit Axe
36:08 Herbal Medicine
37:13 Bow Saw
41:00 Imperial Age
42:08 #83
42:12 Cavalier
47:18 Gold Shaft Mining
47:58 Scale Barding Armor
48:03 Forging
50:15 Chain Barding Armor
50:30 Iron Casting
49:51 Fletching
50:02 Padded Archer Armor
50:28 Elite Skirmisher
51:18 Chivalry
52:00 Fortified Wall
51:47 Murder Holes
55:23 Plate Barding Armor
55:48 Blast Furnace
O6TheGOAT
3:42 Loom
17:16 Feudal Age
21:51 Castle Age
21:55 Fletching
22:06 Padded Archer Armor
22:16 Crossbowman
23:02 Thumb Ring
25:35 Wheelbarrow
29:41 Treadmill Crane
32:20 Horse Collar
33:28 Heavy Plow
38:16 Imperial Age
36:12 Ballistics
36:06 Double-Bit Axe
36:10 Town Watch
37:54 Murder Holes
40:10 Chemistry
40:43 Caravan
41:29 Bodkin Arrow
42:46 Conscription
43:26 Hand Cart
43:50 Bow Saw
45:16 Gold Mining
45:21 Stone Mining
45:51 Arbalester
45:55 Elite Skirmisher
46:14 Pikeman
47:19 Leather Archer Armor
49:05 Crop Rotation
50:24 Bracer
50:55 Ring Archer Armor
51:08 Fortified Wall
59:37 Masonry
Connection lost

Rejoining the realm…

Still unreachable

The connection could not be restored.

Session expired

The server has moved on; the page needs a fresh start.